[ AOE2 MATCH · #493753203 ]
UnrankedJurchens vs Mongols
Player's team · WIN
Rival team · LOSS
[ REPLAY ANALYSIS · EXTRACTED FROM THE RECORDED GAME ]
Feudal
10:53
Castle
14:23
Imperial
31:32
| APM avg | 26.9 |
| APM peak | 82 |
| eAPM avg | 20.8 |
| Villagers / military | 176 / 331 |
Focus
⚔️ 26.1% · 🌾 73.9%
Scout Cavalry ×282 · Bombard Cannon ×17 · Trebuchet (Packed) ×15 · Battering Ram ×12 · Unknown (1908) ×5 · Monk ×3
Feudal
10:33
Castle
14:17
Imperial
31:18
| APM avg | 49.8 |
| APM peak | 152 |
| eAPM avg | 19.8 |
| Villagers / military | 109 / 100 |
Focus
⚔️ 32.1% · 🌾 67.9%
Mangudai ×63 · Scout Cavalry ×29 · Battering Ram ×4 · Trebuchet (Packed) ×3 · Monk ×1
Match map
Initial resources + every placement click. Lines = walls · curves = elevation contours. ◆ gold · ⬟ stone · ● berries · ✦ relic · ◌ wall gap
Your base· ✓ Closed at 14:23 · 0t walls · 3 gate(s)
Le_Dragon's base· ✓ Closed at 14:17 · 0t walls · 2 gate(s)
Smoothed initial terrain · ◌ = detected wall gap · hover for details
Inputs per minute
— davidmhr - - Le_Dragon
Build order — davidmhr
First 150 of 535 actions detected
| 0:00 | Create | Villager (Male) |
| 0:00 | Create | Villager (Male) |
| 0:01 | Create | Villager (Male) |
| 0:01 | Create | Villager (Male) |
| 0:01 | Create | Villager (Male) |
| 0:03 | Build | House |
| 0:04 | Build | House |
| 1:26 | Create | Villager (Male) |
| 2:02 | Create | Villager (Male) |
| 2:10 | Build | Lumber Camp |
| 2:28 | Create | Villager (Male) |
| 2:41 | Create | Villager (Male) |
| 3:11 | Create | Villager (Male) |
| 3:12 | Create | Villager (Male) |
| 3:12 | Create | Villager (Male) |
| 3:12 | Create | Villager (Male) |
| 3:54 | Build | House |
| 4:04 | Build | House |
| 4:21 | Build | House |
| 4:22 | Build | House |
| 4:58 | Create | Villager (Male) |
| 4:58 | Create | Villager (Male) |
| 5:04 | Create | Villager (Male) |
| 5:53 | Create | Villager (Male) |
| 6:22 | Build | Mill |
| 6:25 | Create | Villager (Male) |
| 6:48 | Create | Villager (Male) |
| 7:09 | Create | Villager (Male) |
| 7:33 | Create | Villager (Male) |
| 7:33 | Create | Villager (Male) |
| 8:05 | Build | Mining Camp |
| 8:08 | Research | Feudal Age |
| 8:41 | Build | Farm |
| 8:47 | Build | Farm |
| 8:54 | Create | Villager (Male) |
| 8:54 | Create | Villager (Male) |
| 10:53 | Age | Feudal Age |
| 11:10 | Build | Market |
| 11:14 | Build | Blacksmith |
| 11:43 | Research | Castle Age |
| 11:44 | Research | Castle Age |
| 12:10 | Create | Villager (Male) |
| 12:15 | Research | Double-Bit Axe |
| 12:36 | Build | Lumber Camp |
| 13:21 | Build | Lumber Camp |
| 13:44 | Build | House |
| 13:45 | Build | House |
| 13:46 | Build | House |
| 13:47 | Build | House |
| 14:23 | Age | Castle Age |
| 14:25 | Build | Monastery |
| 14:34 | Build | Town Center |
| 14:40 | Create | Villager (Male) |
| 14:55 | Build | Town Center |
| 14:59 | Create | Villager (Male) |
| 15:02 | Create | Monk |
| 15:14 | Create | Villager (Male) |
| 15:38 | Create | Villager (Male) |
| 15:42 | Research | Horse Collar |
| 15:46 | Create | Villager (Male) |
| 16:00 | Create | Villager (Male) |
| 16:00 | Create | Villager (Male) |
| 16:04 | Build | Farm |
| 16:09 | Build | Farm |
| 16:11 | Create | Villager (Male) |
| 16:11 | Create | Villager (Male) |
| 16:30 | Build | House |
| 16:32 | Build | House |
| 16:33 | Build | Palisade Wall |
| 16:38 | Create | Villager (Male) |
| 16:42 | Build | Mining Camp |
| 16:49 | Research | Loom |
| 16:57 | Build | Farm |
| 16:57 | Build | Farm |
| 16:57 | Build | Farm |
| 16:57 | Build | Farm |
| 16:58 | Build | Farm |
| 16:58 | Build | Farm |
| 16:58 | Build | Farm |
| 16:58 | Build | Farm |
| 16:58 | Build | Farm |
| 16:59 | Build | Farm |
| 17:07 | Create | Villager (Male) |
| 17:08 | Create | Villager (Male) |
| 17:12 | Build | Farm |
| 17:21 | Build | Farm |
| 17:26 | Build | Farm |
| 17:28 | Build | Farm |
| 17:35 | Create | Villager (Male) |
| 17:35 | Create | Villager (Male) |
| 17:35 | Create | Villager (Male) |
| 17:47 | Create | Villager (Male) |
| 17:47 | Create | Villager (Male) |
| 17:54 | Build | Farm |
| 17:57 | Build | Farm |
| 18:06 | Build | Stone Wall |
| 18:09 | Build | Stone Wall |
| 18:13 | Create | Villager (Male) |
| 18:17 | Create | Villager (Male) |
| 18:37 | Create | Villager (Male) |
| 18:38 | Create | Villager (Male) |
| 18:44 | Build | Farm |
| 18:44 | Build | Farm |
| 18:44 | Build | Farm |
| 18:44 | Build | Farm |
| 18:45 | Build | Farm |
| 18:45 | Build | Farm |
| 18:45 | Build | Farm |
| 18:45 | Build | Farm |
| 18:45 | Build | Farm |
| 18:46 | Build | Farm |
| 18:57 | Create | Villager (Male) |
| 18:57 | Create | Villager (Male) |
| 19:07 | Create | Villager (Male) |
| 19:07 | Create | Villager (Male) |
| 19:10 | Build | Farm |
| 19:13 | Build | Farm |
| 19:19 | Create | Villager (Male) |
| 19:19 | Create | Villager (Male) |
| 19:25 | Build | Farm |
| 19:38 | Create | Villager (Male) |
| 19:38 | Create | Villager (Male) |
| 19:43 | Build | Farm |
| 19:45 | Create | Villager (Male) |
| 19:45 | Create | Villager (Male) |
| 19:47 | Build | Farm |
| 19:55 | Create | Villager (Male) |
| 19:55 | Create | Villager (Male) |
| 20:02 | Create | Villager (Male) |
| 20:02 | Create | Villager (Male) |
| 20:06 | Create | Villager (Male) |
| 20:06 | Create | Villager (Male) |
| 20:07 | Create | Villager (Male) |
| 20:19 | Build | House |
| 20:20 | Build | House |
| 20:21 | Build | House |
| 20:21 | Build | House |
| 20:21 | Build | House |
| 20:22 | Build | House |
| 20:26 | Create | Villager (Male) |
| 20:26 | Create | Villager (Male) |
| 20:27 | Create | Villager (Male) |
| 20:40 | Build | Farm |
| 20:42 | Create | Villager (Male) |
| 20:44 | Create | Villager (Male) |
| 20:47 | Create | Villager (Male) |
| 20:47 | Create | Villager (Male) |
| 21:01 | Build | Siege Workshop |
| 21:04 | Create | Villager (Male) |
| 21:04 | Create | Villager (Male) |
Build order — Le_Dragon
First 150 of 335 actions detected
| 0:00 | Create | Villager (Male) |
| 0:00 | Create | Villager (Male) |
| 0:01 | Create | Villager (Male) |
| 0:01 | Create | Villager (Male) |
| 0:02 | Build | House |
| 0:04 | Build | House |
| 1:31 | Create | Villager (Male) |
| 1:31 | Create | Villager (Male) |
| 1:57 | Build | Lumber Camp |
| 2:07 | Create | Villager (Male) |
| 2:24 | Create | Villager (Male) |
| 2:42 | Create | Villager (Male) |
| 3:18 | Create | Villager (Male) |
| 3:18 | Create | Villager (Male) |
| 3:48 | Create | Villager (Male) |
| 3:54 | Build | House |
| 4:11 | Create | Villager (Male) |
| 4:12 | Create | Villager (Male) |
| 4:14 | Create | Villager (Male) |
| 5:10 | Build | Mill |
| 5:15 | Create | Villager (Male) |
| 5:15 | Create | Villager (Male) |
| 5:24 | Create | Villager (Male) |
| 5:24 | Create | Villager (Male) |
| 5:24 | Create | Villager (Male) |
| 5:50 | Create | Villager (Male) |
| 5:58 | Build | House |
| 6:48 | Build | Farm |
| 7:15 | Build | Farm |
| 7:53 | Create | Villager (Male) |
| 8:02 | Build | Mining Camp |
| 8:22 | Research | Feudal Age |
| 8:22 | Create | Villager (Male) |
| 8:23 | Create | Villager (Male) |
| 9:34 | Build | House |
| 9:57 | Build | Mining Camp |
| 10:33 | Age | Feudal Age |
| 10:35 | Build | Market |
| 10:38 | Build | Blacksmith |
| 11:37 | Research | Castle Age |
| 11:38 | Research | Castle Age |
| 12:17 | Build | Farm |
| 12:23 | Build | Farm |
| 12:28 | Research | Double-Bit Axe |
| 12:33 | Research | Loom |
| 13:03 | Research | Horse Collar |
| 13:21 | Build | House |
| 13:50 | Create | Villager (Male) |
| 14:17 | Age | Castle Age |
| 14:22 | Research | Bow Saw |
| 14:48 | Build | Castle |
| 14:51 | Create | Villager (Male) |
| 15:14 | Build | Lumber Camp |
| 15:26 | Create | Villager (Male) |
| 15:47 | Create | Villager (Male) |
| 15:50 | Build | Farm |
| 15:58 | Research | Fletching |
| 16:03 | Build | Farm |
| 16:19 | Create | Villager (Male) |
| 16:22 | Build | Farm |
| 16:23 | Build | Farm |
| 16:41 | Create | Villager (Male) |
| 16:49 | Create | Mangudai |
| 17:02 | Create | Mangudai |
| 17:03 | Create | Villager (Male) |
| 17:14 | Build | Farm |
| 17:25 | Create | Villager (Male) |
| 17:28 | Create | Mangudai |
| 17:54 | Create | Villager (Male) |
| 17:56 | Create | Mangudai |
| 17:57 | Create | Mangudai |
| 18:06 | Build | Farm |
| 18:22 | Create | Villager (Male) |
| 18:32 | Build | Farm |
| 18:37 | Build | Farm |
| 18:41 | Build | Farm |
| 18:43 | Create | Mangudai |
| 18:44 | Create | Villager (Male) |
| 19:04 | Build | Siege Workshop |
| 19:11 | Create | Mangudai |
| 19:12 | Create | Villager (Male) |
| 19:21 | Build | Farm |
| 19:32 | Build | Farm |
| 19:34 | Create | Villager (Male) |
| 19:42 | Create | Mangudai |
| 19:43 | Create | Villager (Male) |
| 19:51 | Build | Castle |
| 20:04 | Create | Villager (Male) |
| 20:06 | Build | House |
| 20:13 | Create | Mangudai |
| 20:37 | Create | Villager (Male) |
| 20:39 | Create | Mangudai |
| 20:39 | Create | Mangudai |
| 21:03 | Create | Villager (Male) |
| 21:05 | Create | Mangudai |
| 21:24 | Create | Villager (Male) |
| 21:28 | Build | Farm |
| 21:40 | Build | Mining Camp |
| 22:08 | Create | Villager (Male) |
| 22:08 | Create | Villager (Male) |
| 22:10 | Create | Mangudai |
| 22:10 | Create | Mangudai |
| 23:02 | Build | Watch Tower |
| 23:07 | Create | Villager (Male) |
| 23:08 | Create | Villager (Male) |
| 23:17 | Build | Monastery |
| 23:26 | Create | Villager (Male) |
| 23:33 | Research | Bodkin Arrow |
| 23:37 | Create | Villager (Male) |
| 23:41 | Build | Mining Camp |
| 23:46 | Create | Monk |
| 24:10 | Build | Farm |
| 24:13 | Build | Farm |
| 24:16 | Build | Farm |
| 24:19 | Build | Farm |
| 24:27 | Create | Villager (Male) |
| 24:39 | Create | Mangudai |
| 24:52 | Create | Villager (Male) |
| 24:52 | Create | Villager (Male) |
| 24:59 | Build | Farm |
| 25:02 | Build | Lumber Camp |
| 25:17 | Create | Mangudai |
| 25:18 | Create | Mangudai |
| 25:19 | Create | Villager (Male) |
| 25:46 | Create | Villager (Male) |
| 25:46 | Create | Villager (Male) |
| 25:47 | Create | Villager (Male) |
| 25:51 | Create | Battering Ram |
| 26:03 | Build | Mining Camp |
| 26:04 | Create | Villager (Male) |
| 26:05 | Create | Villager (Male) |
| 26:19 | Build | Castle |
| 26:33 | Create | Villager (Male) |
| 26:40 | Create | Battering Ram |
| 27:13 | Create | Battering Ram |
| 27:20 | Build | Lumber Camp |
| 27:57 | Research | Imperial Age |
| 27:59 | Build | Farm |
| 28:23 | Build | Farm |
| 28:58 | Create | Mangudai ×3 |
| 29:34 | Create | Villager (Male) |
| 29:35 | Create | Villager (Male) |
| 29:37 | Build | University |
| 29:48 | Research | Padded Archer Armor |
| 29:49 | Create | Mangudai |
| 29:50 | Create | Mangudai |
| 29:50 | Create | Mangudai |
| 29:53 | Create | Villager (Male) |
| 29:53 | Create | Villager (Male) |
| 30:38 | Create | Mangudai ×3 |
Match timeline
| 10:33 | Le_Dragon · age_up feudal |
| 10:53 | davidmhr · age_up feudal |
| 14:17 | Le_Dragon · age_up castle |
| 14:23 | davidmhr · age_up castle |
| 14:25 | davidmhr · first_building Monastery |
| 14:48 | Le_Dragon · first_building Castle |
| 16:33 | davidmhr · wall_segment Palisade Wall x1 |
| 17:34 | davidmhr · first_market_buy 100 food |
| 18:06 | davidmhr · wall_segment Stone Wall x9 |
| 18:09 | davidmhr · wall_segment Stone Wall x6 |
| 19:04 | Le_Dragon · first_building Siege Workshop |
| 21:01 | davidmhr · first_building Siege Workshop |
| 21:48 | davidmhr · first_market_sell 500 wood |
| 23:17 | Le_Dragon · first_building Monastery |
| 23:30 | davidmhr · first_building Castle |
| 27:17 | Le_Dragon · first_market_sell 100 wood |
| 30:59 | davidmhr · first_building Barracks |
| 31:18 | Le_Dragon · age_up imperial |
| 31:32 | davidmhr · age_up imperial |
| 32:52 | Le_Dragon · first_building Barracks |
| 33:28 | davidmhr · first_building Stable |
| 35:56 | Le_Dragon · first_building Stable |
| 36:01 | Le_Dragon · first_building Archery Range |
| 40:14 | Le_Dragon · first_market_buy 500 food |
| 48:25 | Le_Dragon · resign |
[ AI ANALYSIS · 1 CREDIT ]
What really happened in this match?
Wolo.gg analyzes every decision: build order, eco, micro, common mistakes by bracket. Personalized analysis on WhatsApp or Discord in 30 seconds.
Civ guide
Jurchens
Perfil
davidmhr